 Dungeon Crawl Stone Soup version 0.29.1-4-g47bece8355 (webtiles) character file.

Game seed: 4998799244844334967

498 gregunderscorem the Shooter (level 7, -1/43 HPs)
             Began as an Octopode Transmuter on Dec 2, 2022.
             Was a Follower of Dithmenos.
             Slain by Duvessa
             ... wielding a +0 short sword
              (4 damage)
             ... on level 5 of the Dungeon.
             The game lasted 00:08:01 (3843 turns).

gregunderscorem the Shooter (Octopode Transmuter)   Turns: 3843, Time: 00:08:01

Health: -1/43      AC:  1    Str:  9    XL:     7   Next: 16%
Magic:  10/10      EV: 13    Int: 15    God:    Dithmenos [*.....]
Gold:   223        SH:  0    Dex: 15    Spells: 4/10 levels left

rFire   . . .      SeeInvis .     - Unarmed
rCold   . . .      Faith    .   (no shield)
rNeg    . . .      Spirit   .   (helmet restricted)
rPois   .          Reflect  .   f - amulet of regeneration
rElec   .          Harm     .   (no ring)
rCorr   .          Rampage  .   (no ring)
Will    .....                   (no ring)
Stlth   +++.......              (no ring)
HPRegen 0.94/turn               (no ring)
MPRegen 0.12/turn               (no ring)
                                (no ring)
                                (no ring)

@: wreathed by umbra
A: almost no armour, amphibious, 8 rings, camouflage 1, gelatinous body 1,
(nimble swimmer 1), tentacles
a: Renounce Religion


You were on level 5 of the Dungeon.
You worshipped Dithmenos.
Dithmenos was aware of your devotion.
You visited 1 branch of the dungeon, and saw 5 of its levels.

You collected 223 gold pieces.

Inventory:

Hand Weapons
 b - the +7 sling "Goar" {venom, Dex+3}
   (You found it on level 2 of the Dungeon)

   Any ammunition fired from it poisons the flesh of those it strikes.
   Dex:       It affects your dexterity (+3).
Missiles
 d - 30 stones
 p - a throwing net
Jewellery
 c - an amulet of faith
 f - an amulet of regeneration (around mantle)
 j - a ring of fire
Scrolls
 e - 4 scrolls of identify {unknown}
 h - a scroll of blinking {unknown}
 i - a scroll of fear {unknown}
 k - 3 scrolls of teleportation {unknown}
 m - 2 scrolls of magic mapping {unknown}
 q - a scroll of amnesia {unknown}
 r - a scroll of poison {unknown}
Potions
 a - a potion of lignification
 g - 2 potions of heal wounds
 l - 3 potions of curing {unknown}
 n - a potion of magic {unknown}
 o - a potion of brilliance {unknown}


   Skills:
 - Level 1.0 Fighting
 + Level 6.5 Ranged Weapons
 - Level 2.0 Dodging
 - Level 3.6 Unarmed Combat
 - Level 2.0 Spellcasting
 - Level 2.8 Transmutations


You had 4 spell levels left.
You knew the following spells:

 Your Spells              Type           Power      Damage    Failure   Level
a - Beastly Appendage     Tmut           20%        N/A       7%          1
b - Wereblood             Tmut           10%        N/A       11%         2
c - Spider Form           Tmut/Pois      5%         N/A       36%         3

Your spell library contained the following spells:

 Spells                   Type           Power      Damage    Failure   Level
 Sting                    Tmut/Pois      20%        1d4       12%         1
 Necrotise                Necr           4%         1d4       22%         1
 Ensorcelled Hibernation  Hex/Ice        2%         N/A       32%         2
 Sublimation of Blood     Necr           1%         N/A       32%         2
 Frozen Ramparts          Ice            2%         1d1       54%         3
 Ice Form                 Ice/Tmut       5%         N/A       77%         4
 Anguish                  Hex/Necr       0%         N/A       91%         4
 Summon Ice Beast         Ice/Summ       1%         N/A       91%         4
 Borgnjor's Vile Clutch   Necr/Erth      0%         N/A       99%         5


Dungeon Overview and Level Annotations

Branches:
Dungeon (5/15)             Temple (0/1) D:4

Altars:
Dithmenos
Ru
Wu Jian

Shops:
D:1 *

Annotations:
D:5 Duvessa


Innate Abilities, Weirdness & Mutations

You cannot wear most types of armour.
You are amphibious.
You can wear up to eight rings at the same time.
Your skin changes colour to match your surroundings (Stealth+).
Your rubbery body absorbs attacks. (AC +1, EV +1)
((You are camouflaged when in or above water. (Stealth+)))
You have tentacles for arms and can constrict up to eight enemies at once.


Message History

You see here a +0 leather armour.
Dowan, Brother of Duvessa comes into view.
He is wielding a +0 dagger.
You shoot a sling bullet. The sling bullet hits Dowan!
Dowan is poisoned.
Dowan shouts!
Dowan is heavily wounded.
You shoot a sling bullet. The sling bullet hits Dowan.
Dowan looks as sick as possible!
Dowan is almost dead.
You kill Dowan!
Dithmenos accepts your kill.
You hear a distant scream of rage.
No target in view!
You open the door.
There is an open door here.
You see here a +0 leather armour.
You see here a +0 leather armour.
Duvessa, Sister of Dowan comes into view.
She is wielding a +0 short sword.
Duvessa goes berserk!
Duvessa is nearby!
You shoot a sling bullet. The sling bullet hits Duvessa!
Duvessa is poisoned.
Duvessa is lightly wounded.
You shoot a sling bullet. The sling bullet barely misses Duvessa.
You shoot a sling bullet. The sling bullet barely misses Duvessa.
You shoot a sling bullet. The sling bullet hits Duvessa.
Duvessa looks as sick as possible!
Duvessa is moderately wounded.
Duvessa hits you with a +0 short sword.
The +7 sling "Goar" {venom, Dex+3} stops dripping with poison.
You are now empty-tentacled.
Duvessa hits you with a +0 short sword!
You closely miss Duvessa. You grab Duvessa.
Duvessa is moderately wounded.
You constrict Duvessa, but do no damage.
Duvessa misses you.
You tentacle-slap Duvessa but do no damage.
Duvessa is moderately wounded.
You constrict Duvessa, but do no damage.
Duvessa hits you with a +0 short sword!!
* * * LOW HITPOINT WARNING * * *
Duvessa hits you with a +0 short sword.
You die...

#....#.........#
#....#.........#
#...##...##...#######
#...#######...##....#
#...)......[.........
#....#####'..........
#...##≈...#..........
#...##≈...#..........
#...@#≈...#...##..)##
#...e#≈...##'###...##
#....#≈≈≈≈#....#....#
#....+#####)...'....+
#..... #....#....#
#...## #....#....#
#...# #...###..##
#... #######..##
..........


You could see Duvessa (berserk, extremely poisoned).

Vanquished Creatures
  A necrophage (D:4)
  A scorpion (D:4)
  Dowan (D:5)
  2 hounds (D:4)
  An orc priest (D:4)
  An orc wizard (D:4)
  9 gnolls
  4 adders
  An ufetubus (D:4)
  3 worms
  3 dart slugs
  9 orcs
  4 ball pythons
  4 endoplasms
  A giant cockroach (D:3)
  7 goblins
  9 hobgoblins
  2 jackals (D:2)
  4 kobolds
  3 quokkas
  A bat (D:2)
  2 frilled lizards
  5 rats
78 creatures vanquished.

Notes
Turn   | Place    | Note
-------+----------+-------------------------------------------
     0 | D:1      | gregunderscorem the Octopode Transmuter began the quest for
                  | the Orb.
     0 | D:1      | Reached XP level 1. HP: 13/13 MP: 3/3
    28 | D:1      | Found a faded altar of an unknown god.
    33 | D:1      | Got Plato's Volume of Transformation
    48 | D:1      | Got the Grimoire of Necromancy
   507 | D:1      | Found Weixopro's Assorted Antiques.
   794 | D:1      | Reached XP level 2. HP: 18/18 MP: 5/5
  1411 | D:2      | Found a shadowy altar of Dithmenos.
  1416 | D:2      | Reached XP level 3. HP: 6/23 MP: 6/6
  1701 | D:2      | Identified the +7 sling "Goar" {venom, Dex+3}
  1710 | D:2      | Became a worshipper of Dithmenos the Shadowed
  1719 | D:2      | Learned a level 2 spell: Wereblood
  1723 | D:2      | Learned a level 3 spell: Spider Form
  2151 | D:3      | Reached skill level 1 in Ranged Weapons
  2270 | D:3      | Found an ornate altar of the Wu Jian Council.
  2452 | D:3      | Found a sacrificial altar of Ru.
  2531 | D:3      | Reached XP level 4. HP: 28/28 MP: 7/7
  2795 | D:3      | Reached skill level 2 in Ranged Weapons
  2857 | D:4      | Reached skill level 3 in Ranged Weapons
  2880 | D:4      | Reached XP level 5. HP: 28/33 MP: 8/8
  2904 | D:4      | Reached skill level 4 in Ranged Weapons
  2957 | D:4      | Reached * piety under Dithmenos
  2958 | D:4      | Reached XP level 6. HP: 29/38 MP: 9/9
  3018 | D:4      | Found a staircase to the Ecumenical Temple.
  3106 | D:4      | Reached skill level 5 in Ranged Weapons
  3293 | D:4      | Reached skill level 6 in Ranged Weapons
  3595 | D:4      | Reached XP level 7. HP: 31/43 MP: 10/10
  3737 | D:5      | Entered Level 5 of the Dungeon
  3811 | D:5      | Noticed Dowan
  3813 | D:5      | Killed Dowan
  3836 | D:5      | Noticed Duvessa
  3843 | D:5      | Slain by Duvessa

Illustrated notes

Levels and vault maps discovered:
D:1:      ncdulo_smallfort, layout_loops_corners,
          shapermc_ecumenical_altar_rom_forum, serial_shops,
          nicolae_shop_overgrown_old_shop, minivault_11, minmay_liquid_box
D:2:      layout_rooms, basic_altar
D:3:      layout_basic, nicolae_ru_sacrificial_ziggurat,
          mainiacjoe_overflow_brackets
D:4:      layout_basic, minmay_temple_entry_nine_rooms, serial_curves,
          eino_curves_02, eino_curves_03, eino_curves_03, eino_curves_03
D:5:      layout_gridville, serial_rivers, chequers_serial_rivers_micro_a,
          chequers_serial_rivers_room_b, chequers_serial_rivers_micro_e,
          chequers_serial_rivers_large_a, chequers_serial_rivers_small_3,
          chequers_serial_rivers_room_a, minmay_hedge_maze, kennysheep_diamond,
          uniq_ijyb, uniq_duvessa, uniq_blork_the_orc

Skill      XL: |  1  2  3  4  5  6 |
---------------+-------------------+-----
Ranged Weapons | 1 3 4 6 |  6.5
Fighting       | |  1.0
Dodging        | |  2.0
Unarmed Combat | |  3.6
Spellcasting   | |  2.0
Transmutations | |  2.8

Action                   |  1- 3 |  4- 6 |  7- 9 || total
-------------------------+-------+-------+-------++-------
Melee: Unarmed           |    49 |    49 |    12 ||   110
       Constrict         |    17 |    15 |     5 ||    37
       Punch             |     3 |     2 |     1 ||     6
       Tentacles         |    10 |    12 |     3 ||    25
 Fire: Sling             |    23 |    39 |    14 ||    76
 Cast: Beastly Appendage |     3 |       |       ||     3
  Use: Potion            |       |     1 |       ||     1
 Stab: Sleeping          |       |     1 |       ||     1
Armor: Skin              |     2 |     1 |       ||     3
Dodge: Dodged            |    28 |    30 |    10 ||    68
